 Dungeon Crawl Stone Soup version 0.26-a0-707-g31817bcca1 (webtiles) character file.

Game seed: 14921163555449226843

140 robertstho the Chiller (level 5, -3/28 HPs)
             Began as a Deep Elf Ice Elementalist on Oct 26, 2020.
             Killed from afar by a dart slug (5 damage)
             ... with a slug dart
             ... on level 3 of the Dungeon.
             The game lasted 00:04:18 (2600 turns).

robertstho the Chiller (Deep Elf Ice Elementalist)  Turns: 2600, Time: 00:04:19

Health: -3/28      AC:  3    Str:  5    XL:     5   Next: 2%
Magic:  8/14       EV: 13    Int: 25    God:
Gold:   88         SH:  0    Dex: 15    Spells: 6/13 levels left

rFire    + . .     SeeInvis .   r - +0 dagger (venom)
rCold    . . .     Faith    .   (no shield)
rNeg     . . .     Spirit   .   a - +0 robe
rPois    +         Reflect  .   q - +0 helmet
rElec    .         Harm     .   (no cloak)
rCorr    .         Rampage  .   (no gloves)
MR       .....                  (no boots)
Stlth    ++........             (no amulet)
HPRegen  0.09/turn              c - ring of poison resistance
MPRegen  0.14/turn              (no ring)

@: brilliant, very slightly contaminated
A: clever 2, fire resistance 1, sturdy frame 1
a: no special abilities


You were on level 3 of the Dungeon.
You visited 1 branch of the dungeon, and saw 3 of its levels.

You collected 88 gold pieces.

Inventory:

Hand Weapons
 b - a +0 dagger
 j - a +0 halberd
 p - a +2 dagger of draining
 r - a +0 dagger of venom (weapon)
Armour
 a - a +0 robe (worn)
 q - a +0 helmet (worn)
Jewellery
 c - a ring of poison resistance (left hand)
 h - an uncursed amulet of guardian spirit
 o - an uncursed ring of resist corrosion {unknown}
Scrolls
 d - a scroll of amnesia {unknown}
 e - 2 scrolls of magic mapping {unknown}
 f - a scroll of teleportation {unknown}
 g - 2 scrolls of random uselessness {unknown}
 i - 3 scrolls of identify {unknown}
 l - 2 scrolls of remove curse {unknown}
 n - 2 scrolls of noise {unknown}
Potions
 k - 2 potions of mutation
 m - a potion of brilliance


   Skills:
 + Level 0.3 Fighting
 + Level 0.1 Short Blades
 + Level 3.2 Dodging
 + Level 3.0 Stealth
 * Level 4.9 Spellcasting
 * Level 5.4 Ice Magic


You had 6 spell levels left.
You knew the following spells:

 Your Spells              Type           Power        Failure   Level
a - Freeze                Ice            ####         1%          1
b - Frozen Ramparts       Ice            ######       2%          3
c - Ozocubu's Armour      Ice            ######..     2%          3

Your spell library contained the following spells:

 Spells                   Type           Power        Failure   Level
 Hailstorm                Conj/Ice       ####....     26%         4
 Summon Ice Beast         Ice/Summ       ####....     26%         4


Dungeon Overview and Level Annotations

Branches:
Dungeon (3/15)

Altars:

Annotations:
D:3 Sigmund


Innate Abilities, Weirdness & Mutations

Your mind is very acute. (Int +4)
Your flesh is heat resistant. (rF+)
Your movements are slightly less encumbered by armour. (ER -2)


Message History

The frozen ramparts melt away.
It was a potion of mutation.
You feel extremely strange.
You feel resistant to heat.
You feel less encumbered by your armour.
You feel clever. x2
The dart slug completely misses you. Sigmund closely misses you.
It was a potion of brilliance.
You feel clever all of a sudden.
You feel less confused.
The dart slug bites you but does no damage.
Casting: Frozen Ramparts (dangerous; 2% risk of failure)
Confirm with . or Enter, or press ? or * to list all spells.
You feel a surge of power!
You miscast Frozen Ramparts.
You are very lightly contaminated with residual magic.
Nothing appears to happen.
Sigmund whispers, "You'll know eternity soon."
Sigmund hits you from afar with a +0 scythe!
* * * LOW HITPOINT WARNING * * *
The dart slug launches a dart at you. The slug dart hits you.
You die...

...#..# #...#####
...#..#####...#
...........#
.#..######.#####
........#.[.#
............###.###
.
.........@..w......
.
............###.##
. ...........@# .
.#####......# .
#.!....# #......#
#......# #......#
#......# #......#


You could see Sigmund and a dart slug.

Vanquished Creatures
  Jessica (D:3)
  Robin (D:3)
  4 gnolls (D:2)
  An adder (D:3)
  A worm (D:3)
  2 dart slugs
  2 leopard geckos
  An orc (D:3)
  A ball python (D:1)
  3 giant cockroaches
  3 hobgoblins
  2 jackals (D:1)
  A bat (D:1)
  5 frilled lizards
  14 goblins
  3 kobolds
  4 rats
49 creatures vanquished.

Notes
Turn   | Place    | Note
-------+----------+-------------------------------------------
     0 | D:1      | robertstho the Deep Elf Ice Elementalist began the quest
                  | for the Orb.
     0 | D:1      | Reached XP level 1. HP: 10/10 MP: 6/6
   103 | D:1      | Reached XP level 2. HP: 6/15 MP: 0/8
  1288 | D:2      | Reached XP level 3. HP: 11/19 MP: 4/9
  1294 | D:2      | Learned a level 3 spell: Frozen Ramparts
  1298 | D:2      | Learned a level 3 spell: Ozocubu's Armour
  1360 | D:2      | Reached skill level 5 in Ice Magic
  1687 | D:2      | Reached XP level 4. HP: 24/24 MP: 12/12
  2377 | D:3      | Noticed Jessica
  2386 | D:3      | Killed Jessica
  2390 | D:3      | Noticed Robin
  2400 | D:3      | Killed Robin
  2427 | D:3      | Noticed Sigmund
  2430 | D:3      | Reached XP level 5. HP: 28/28 MP: 10/14
  2597 | D:3      | Gained mutation: Your flesh is heat resistant. (rF+)
                  | [potion of mutation]
  2597 | D:3      | Gained mutation: Your movements are slightly less
                  | encumbered by armour. (ER -2) [potion of mutation]
  2597 | D:3      | Gained mutation: Your mind is acute. (Int +2) [potion of
                  | mutation]
  2597 | D:3      | Gained mutation: Your mind is very acute. (Int +4) [potion
                  | of mutation]
  2600 | D:3      | Killed from afar by a dart slug

Illustrated notes

Levels and vault maps discovered:
D:1:      minmay_arrival_up_and_down, layout_basic
D:2:      layout_loops_ring
D:3:      layout_basic, okawaru_ov_weapons_minmay, minmay_unequal, uniq_robin,
          uniq_sigmund, uniq_jessica

Skill      XL: |  1  2  3 |
---------------+----------+-----
Dodging        | 3 |  3.2
Ice Magic      | 5 |  5.4
Stealth        | 3 |  3.0
Spellcasting   | 4 |  4.9
Fighting       | |  0.3
Short Blades   | |  0.1

Action                   |  1- 3 |  4- 6 || total
-------------------------+-------+-------++-------
Melee: Unarmed           |     2 |       ||     2
       Dagger            |    28 |     8 ||    36
       Halberd           |    10 |     6 ||    16
 Cast: Freeze            |    21 |       ||    21
       Frozen Ramparts   |     6 |    12 ||    18
  Use: Potion            |       |     2 ||     2
 Stab: Sleeping          |     1 |       ||     1
Armor: Robe              |    12 |     6 ||    18
Dodge: Dodged            |    43 |    20 ||    63

Table legend: (Time is in decaauts)
 A = Elapsed time spent in this place.
 B = Non-inter-level travel time spent in this place.
 C = Inter-level travel time spent in this place.
 D = Time resting spent in this place.
 E = Time spent auto-exploring this place.
 F = Levels seen in this place.
 G = Mean time per level.
                   A        B        C        D        E       F      G
               +--------+--------+--------+--------+--------+-----+--------+
         Total |   2603 |   2461 |    142 |    181 |   1862 |   3 |  867.7 |
       Dungeon |   2603 |   2461 |    142 |    181 |   1862 |   3 |  867.7 |
               +--------+--------+--------+--------+--------+-----+--------+

Top non-repeatable levels by time:
     D:1: 1257 daAuts
     D:2: 920 daAuts
     D:3: 425 daAuts
